 Dungeon Crawl Stone Soup version 0.26-a0-451-gacbe401039 (webtiles) character file.

Game seed: 10077652473621007659

1 MrRokkomies the Sneak (level 1, -1/19 HPs)
             Began as a Palentonga Delver on July 28, 2020.
             Was an Initiate of Cheibriados.
             Slain by a worker ant (4 damage)
             ... on level 4 of the Dungeon.
             The game lasted 00:01:11 (664 turns).

MrRokkomies the Sneak (Palentonga Delver)            Turns: 664, Time: 00:01:12

Health: -1/19      AC:  4    Str: 16    XL:     1   Next: 16%
Magic:  1/1        EV:  9    Int: 11    God:    Cheibriados [......]
Gold:   35         SH:  0    Dex: 12    Spells: 0/0 levels left

rFire    . . .     SeeInvis +   a - +0 mace
rCold    . . .     Faith    .   (no shield)
rNeg     . . .     Spirit   .   b - +0 leather armour
rPois    .         Reflect  .   (no helmet)
rElec    .         Harm     .   (no cloak)
rCorr    .                      (no gloves)
MR       .....                  (boots restricted)
Stlth    ++........             (no amulet)
HPRegen  0.06/turn              (no ring)
MPRegen  0.07/turn              (no ring)

@: lethally poisoned (-1 -> -10), very slow
A: large, rugged brown scales 3, see invisible, deformed body, roll, armoured
tail
a: Rolling Charge, Bend Time, Renounce Religion


You were on level 4 of the Dungeon.
You worshipped Cheibriados.
Cheibriados was noncommittal.
You visited 2 branches of the dungeon, and saw 3 of its levels.

You collected 35 gold pieces.

Inventory:

Hand Weapons
 a - a +0 mace (weapon)
Missiles
 h - 7 javelins (quivered)
Armour
 b - a +0 leather armour (worn)
Wands
 g - a wand of digging (3)
Scrolls
 c - 2 scrolls of fog
 d - 2 scrolls of magic mapping
Potions
 f - a potion of haste


   Skills:
 * Level 3.0 Fighting
 * Level 2.0 Maces & Flails
 + Level 1.5 Dodging
 - Level 3.3 Stealth


You couldn't memorise any spells.
You didn't know any spells.
Your spell library was empty.

Dungeon Overview and Level Annotations

Branches:
Dungeon (5/15)             Temple (1/1) D:5

Altars:
Ashenzari
Cheibriados
Dithmenos
Elyvilon
Fedhas
Gozag
Hepliaklqana
Kikubaaqudgha
Makhleb
Nemelex Xobeh
Okawaru
Qazlal
Ru
Sif Muna
Trog
Vehumet
Wu Jian
Xom
Yredelemnul
Zin
The Shining One


Innate Abilities, Weirdness & Mutations

You are completely covered in rugged brown scales. (AC +3, +7% HP)
You have supernaturally acute eyesight. (SInv)
Armour fits poorly on your strangely shaped body.
You can roll at foes to attack.
You have a long armoured tail.


Message History

You barely miss the worker ant.
The worker ant is almost dead.
The worker ant closely misses you. The worker ant bites you.
* * * LOW HITPOINT WARNING * * *
You are lethally poisoned!
The worker ant poisons you!
You barely miss the worker ant.
The worker ant is severely wounded.
* * * LOW HITPOINT WARNING * * *
You feel sick.
The worker ant bites you but does no damage.
Okay, then.
Unknown command.
You hit the worker ant.
The worker ant is almost dead.
* * * LOW HITPOINT WARNING * * *
You feel sick.
The worker ant waves its antennae.
The worker ant bites you.
You die...

##..## ..
##..# ...
#..# ...#
#.†##...#
##.....#
##.....#
###......#
##.a...##..#
#.@..###
#...
........###
##.
..###..##
#.. ... ....
..... ......


You could see a worker ant.

Vanquished Creatures
  A jackal (D:4)
1 creature vanquished.

Notes
Turn   | Place    | Note
-------+----------+-------------------------------------------
     0 | D:5      | MrRokkomies the Palentonga Delver began the quest for the
                  | Orb.
     0 | D:5      | Reached XP level 1. HP: 19/19 MP: 1/1
    81 | D:5      | Found a staircase to the Ecumenical Temple.
    86 | D:5      | Noticed a bullfrog
    89 | Temple   | Entered the Ecumenical Temple
   415 | Temple   | Became a worshipper of Cheibriados the Contemplative
   646 | D:4      | Noticed a worker ant
   664 | D:4      | Slain by a worker ant

Illustrated notes

Levels and vault maps discovered:
D:4:      layout_layer_cave, uniq_menkaure, uniq_eustachio, uniq_grinder,
          uniq_ijyb, uniq_natasha
D:5:      layout_layer_cave, minmay_temple_entry_statues_fountains,
          serial_shops, shop_statue, cheibrodos_ashenzari_chains
Temple:   roderic_octagonal_lattice_temple

Action                   || total
-------------------------++-------
Melee: Mace              ||    11
       Tailslap          ||     2
Throw: Javelin           ||     1
  Use: Scroll            ||     1
Armor: Leather armour    ||     7
Dodge: Dodged            ||     3

Table legend: (Time is in decaauts)
 A = Elapsed time spent in this place.
 B = Non-inter-level travel time spent in this place.
 C = Inter-level travel time spent in this place.
 D = Time resting spent in this place.
 E = Time spent auto-exploring this place.
 F = Levels seen in this place.
 G = Mean time per level.
                   A        B        C        D        E       F      G
               +--------+--------+--------+--------+--------+-----+--------+
         Total |    677 |    621 |     56 |    198 |    340 |   3 |  225.7 |
       Dungeon |    330 |    330 |      0 |    198 |     51 |   2 |  165.0 |
        Temple |    347 |    291 |     56 |      0 |    289 |   1 |  347.0 |
               +--------+--------+--------+--------+--------+-----+--------+

Top non-repeatable levels by time:
  Temple: 347 daAuts
     D:4: 228 daAuts
     D:5: 101 daAuts
